| TOP OF THE 1ST |
|
Bowie Baysox batting - Pitching for Birmingham Barons : LHP Chris Morales
|
|
Pitching: LHP Chris Morales
|
|
|
Batting: RHB Joe Young
|
0-0: Ball 1-0: Fly out, F9 (Flyball, 89D, EV 92.5 MPH)
|
|
Batting: RHB Jonathan Mendoza
|
0-0: Ball 1-0: Ball 2-0: Ball 3-0: Called Strike 3-1: Swinging Strike 3-2: Foul Ball, location: 2F 3-2: Strikes out swinging
|
|
Batting: RHB Alfredo Reguera
|
0-0: Ball 1-0: Ball 2-0: Ball 3-0: Called Strike 3-1: Called Strike 3-2: Base on Balls
|
|
Batting: RHB Mike Pitts
|
0-0: Called Strike 0-1: Ball 1-1: Fielders Choice at 2nd, 6-4 (Groundball, 6, EV 86.2 MPH)
|
| Top of the 1st over - 0 runs, 0 hits, 0 errors, 1 left on base; Bowie 0 - Birmingham 0 |
| BOTTOM OF THE 1ST |
|
Birmingham Barons batting - Pitching for Bowie Baysox : RHP Steve Webb
|
|
Pitching: RHP Steve Webb
|
|
|
Batting: RHB Danny Heikkila
|
0-0: Called Strike 0-1: Foul Ball, location: 2F 0-2: Strikes out swinging
|
|
Batting: SHB Veit Geisler
|
0-0: Ball 1-0: Foul Ball, location: 2F 1-1: Ground out 4-3 (Groundball, 4, EV 103.1 MPH)
|
|
Batting: SHB Ruben Velasco Jr.
|
0-0: Ball 1-0: Foul Ball, location: 2F 1-1: Ground out 6-3 (Groundball, 6M, EV 76.9 MPH)
|
| Bottom of the 1st over - 0 runs, 0 hits, 0 errors, 0 left on base; Bowie 0 - Birmingham 0 |
| TOP OF THE 2ND |
|
Bowie Baysox batting - Pitching for Birmingham Barons : LHP Chris Morales
|
|
Batting: SHB Chris Wright
|
0-0: Called Strike 0-1: Ball 1-1: Ball 2-1: Ball 3-1: Base on Balls
|
|
Batting: RHB Ethan Finke
|
0-0: Ball 1-0: Foul Ball, location: 2F 1-1: Foul Ball, location: 2F 1-2: Strikes out swinging
|
|
Batting: RHB Wil Ochoa
|
0-0: Called Strike 0-1: Ball 1-1: Ball 2-1: DOUBLE (Flyball, 8RXD, EV 107.5 MPH) Chris Wright to third Runner from 3rd tries for Home, SAFE, no throw by CF
|
|
Batting: LHB Pat Fontana
|
0-0: Ball 1-0: Ground out 4-3 (Groundball, 4S, EV 70.0 MPH) Wil Ochoa to third
|
|
Batting: RHB Simon Van Steenwyk
|
0-0: Ball 1-0: Ball 2-0: Ball 3-0: Called Strike 3-1: Fly out, F8 (Line Drive, 89M, EV 88.8 MPH)
|
| Top of the 2nd over - 1 run, 1 hit, 0 errors, 1 left on base; Bowie 1 - Birmingham 0 |
| BOTTOM OF THE 2ND |
|
Birmingham Barons batting - Pitching for Bowie Baysox : RHP Steve Webb
|
|
Batting: LHB Carlos Ramirez
|
0-0: Fly out, F8 (Line Drive, 8LM, EV 86.9 MPH)
|
|
Batting: RHB Vic Lucatero
|
0-0: Called Strike 0-1: Ball 1-1: Swinging Strike 1-2: Ball 2-2: Foul Ball, location: 2F 2-2: Strikes out looking
|
|
Batting: LHB Dalton Silveira
|
0-0: Called Strike 0-1: Ground out 4-3 (Groundball, 4S, EV 81.9 MPH)
|
| Bottom of the 2nd over - 0 runs, 0 hits, 0 errors, 0 left on base; Bowie 1 - Birmingham 0 |
| TOP OF THE 3RD |
|
Bowie Baysox batting - Pitching for Birmingham Barons : LHP Chris Morales
|
|
Batting: RHB Joe Young
|
0-0: Ball 1-0: Ball 2-0: Ground out 4-3 (Groundball, 4S, EV 79.4 MPH)
|
|
Batting: RHB Jonathan Mendoza
|
0-0: Ball 1-0: Called Strike 1-1: Ball 2-1: SOLO HOME RUN (Flyball, 78XD, EV 105.6 MPH), Distance : 395 ft
|
|
Batting: RHB Alfredo Reguera
|
0-0: Swinging Strike 0-1: Ball 1-1: Ball 2-1: Ground out 5-3 (Groundball, 56, EV 99.4 MPH)
|
|
Batting: RHB Mike Pitts
|
0-0: Ball 1-0: Foul Ball, location: 2F 1-1: Foul Ball, location: 2F 1-2: Ground out 6-3 (Groundball, 6S, EV 66.9 MPH)
|
| Top of the 3rd over - 1 run, 1 hit, 0 errors, 0 left on base; Bowie 2 - Birmingham 0 |
| BOTTOM OF THE 3RD |
|
Birmingham Barons batting - Pitching for Bowie Baysox : RHP Steve Webb
|
|
Batting: SHB Matt Childers
|
0-0: Foul Ball, location: 2F 0-1: Ball 1-1: Ground out U3 (Groundball, 3, EV 81.2 MPH)
|
|
Batting: LHB Matt Hyde
|
0-0: Ball 1-0: Swinging Strike 1-1: Foul Ball, location: 2F 1-2: Ground out 4-3 (Groundball, 34, EV 101.9 MPH)
|
|
Batting: RHB Jose Medina
|
0-0: Ball 1-0: Foul Ball, location: 2F 1-1: Ball 2-1: SINGLE (Groundball, 6MS, EV 68.1 MPH) (infield hit)
|
|
Batting: RHB Danny Heikkila
|
0-0: Called Strike 0-1: Called Strike 0-2: Foul Ball, location: 2F 0-2: Ground out 6-3 (Groundball, 6, EV 81.9 MPH)
|
| Bottom of the 3rd over - 0 runs, 1 hit, 0 errors, 1 left on base; Bowie 2 - Birmingham 0 |
| TOP OF THE 4TH |
|
Bowie Baysox batting - Pitching for Birmingham Barons : LHP Chris Morales
|
|
Batting: SHB Chris Wright
|
0-0: Ball 1-0: Foul Ball, location: 2F 1-1: Ball 2-1: Ground out 3-1 (Groundball, 34S, EV 88.8 MPH)
|
|
Batting: RHB Ethan Finke
|
0-0: Ball 1-0: Ball 2-0: Ball 3-0: Called Strike 3-1: Base on Balls
|
|
Batting: RHB Wil Ochoa
|
0-0: Foul Ball, location: 2F 0-1: Ball 1-1: Foul Ball, location: 2F 1-2: Ball 2-2: TRIPLE (Flyball, 9LD, EV 103.8 MPH) Ethan Finke scores
|
|
Batting: LHB Pat Fontana
|
0-0: Ball 1-0: Foul Ball, location: 2F 1-1: Ball 2-1: Foul Ball, location: 2F 2-2: Ball 3-2: Fly out, F7 (Flyball, 78M, EV 73.8 MPH)
|
|
Batting: RHB Simon Van Steenwyk
|
0-0: Called Strike 0-1: Swinging Strike 0-2: Ball 1-2: Strikes out looking
|
| Top of the 4th over - 1 run, 1 hit, 0 errors, 1 left on base; Bowie 3 - Birmingham 0 |
| BOTTOM OF THE 4TH |
|
Birmingham Barons batting - Pitching for Bowie Baysox : RHP Steve Webb
|
|
Batting: SHB Veit Geisler
|
0-0: Ball 1-0: Called Strike 1-1: Ground out 4-3 (Groundball, 4S, EV 85.6 MPH)
|
|
Batting: SHB Ruben Velasco Jr.
|
0-0: Ball 1-0: Ball 2-0: TRIPLE (Flyball, 78XD, EV 97.5 MPH)
|
|
Batting: LHB Carlos Ramirez
|
0-0: Called Strike 0-1: Ball 1-1: SINGLE (Line Drive, 9LS, EV 91.2 MPH) Ruben Velasco Jr. scores
|
|
Batting: RHB Vic Lucatero
|
0-0: Called Strike 0-1: Swinging Strike 0-2: Ball 1-2: Foul Ball, location: 2F 1-2: Fly out, F8 (Line Drive, 8RM, EV 86.9 MPH)
|
|
Batting: LHB Dalton Silveira
|
0-0: Called Strike 0-1: Called Strike 0-2: Strikes out looking
|
| Bottom of the 4th over - 1 run, 2 hits, 0 errors, 1 left on base; Bowie 3 - Birmingham 1 |
| TOP OF THE 5TH |
|
Bowie Baysox batting - Pitching for Birmingham Barons : LHP Chris Morales
|
|
Batting: RHB Joe Young
|
0-0: Called Strike 0-1: Ball 1-1: Ball 2-1: Called Strike 2-2: Foul Ball, location: 2F 2-2: Ground out 5-3 (Groundball, 5S, EV 71.9 MPH)
|
|
Batting: RHB Jonathan Mendoza
|
0-0: Called Strike 0-1: Ball 1-1: Foul Ball, location: 2F 1-2: Ball 2-2: Foul Ball, location: 2F 2-2: Foul Ball, location: 2F 2-2: Strikes out looking
|
|
Batting: RHB Alfredo Reguera
|
0-0: Ground out 4-3 (Groundball, 4, EV 91.9 MPH)
|
| Top of the 5th over - 0 runs, 0 hits, 0 errors, 0 left on base; Bowie 3 - Birmingham 1 |
| BOTTOM OF THE 5TH |
|
Birmingham Barons batting - Pitching for Bowie Baysox : RHP Steve Webb
|
|
Batting: SHB Matt Childers
|
0-0: Ball 1-0: Swinging Strike 1-1: Ball 2-1: Foul Ball, location: 2F 2-2: Ball 3-2: SOLO HOME RUN (Flyball, 7D, EV 98.1 MPH), Distance : 378 ft
|
|
Batting: LHB Matt Hyde
|
0-0: Called Strike 0-1: Ball 1-1: Swinging Strike 1-2: Foul Ball, location: 2F 1-2: SINGLE (Groundball, 4M, EV 103.1 MPH)
|
|
Batting: RHB Jose Medina
|
0-0: Ball 1-0: Swinging Strike 1-1: SINGLE (Line Drive, 56, EV 103.1 MPH) Matt Hyde to second
|
|
Batting: RHB Danny Heikkila
|
0-0: Ball 1-0: Ball 2-0: Fly out, F4 (Flyball, 3D, EV 83.8 MPH)
|
|
Batting: SHB Veit Geisler
|
0-0: Ball 1-0: Called Strike 1-1: Fly out, F5 (Popup, 15, EV 89.4 MPH)
|
|
Batting: SHB Ruben Velasco Jr.
|
0-0: Ball 1-0: Ball 2-0: Foul Ball, location: 2F 2-1: Ball 3-1: Foul Ball, location: 2F 3-2: SINGLE (Groundball, 5, EV 100.0 MPH) Matt Hyde to third Jose Medina to second Matt Hyde scores Jose Medina to third
|
|
Batting: LHB Carlos Ramirez
|
0-0: Ball 1-0: Called Strike 1-1: Ball 2-1: Called Strike 2-2: Foul Ball, location: 2F 2-2: Strikes out swinging
|
| Bottom of the 5th over - 2 runs, 4 hits, 0 errors, 2 left on base; Bowie 3 - Birmingham 3 |
| TOP OF THE 6TH |
|
Bowie Baysox batting - Pitching for Birmingham Barons : LHP Chris Morales
|
|
Batting: RHB Mike Pitts
|
0-0: Foul Ball, location: 2F 0-1: Foul Ball, location: 2F 0-2: Strikes out swinging
|
|
Batting: SHB Chris Wright
|
0-0: Swinging Strike 0-1: Ball 1-1: Foul Ball, location: 2F 1-2: Foul Ball, location: 2F 1-2: Foul Ball, location: 2F 1-2: Fly out, F7 (Line Drive, 7S, EV 107.5 MPH)
|
|
Pitching: LHP Matt Schwartz
|
|
|
Batting: RHB Ethan Finke
|
0-0: Ground out U3 (Groundball, 34, EV 90.0 MPH)
|
| Top of the 6th over - 0 runs, 0 hits, 0 errors, 0 left on base; Bowie 3 - Birmingham 3 |
| BOTTOM OF THE 6TH |
|
Birmingham Barons batting - Pitching for Bowie Baysox : RHP Steve Webb
|
|
Batting: RHB Vic Lucatero
|
0-0: Ball 1-0: Ball 2-0: Ball 3-0: Called Strike 3-1: Base on Balls
|
|
Batting: LHB Dalton Silveira
|
0-0: Called Strike Vic Lucatero steals 2nd base 0-1: Ball 1-1: Intentional Walk
|
|
Batting: SHB Matt Childers
|
0-0: Ball 1-0: Foul Ball, location: 2F 1-1: Swinging Strike 1-2: Strikes out looking
|
|
Pitching: RHP Andy Rondeau
|
|
|
Batting: LHB Matt Hyde
|
0-0: Ball 1-0: Grounds out, U3 (Groundball, 3L, EV 103.8 MPH) Vic Lucatero to third
|
|
Batting: RHB Jose Medina
|
0-0: Ball 1-0: Called Strike 1-1: Foul Ball, location: 2F 1-2: Ball 2-2: Ball 3-2: Foul Ball, location: 2F 3-2: Base on Balls
|
|
Pinch Hitting: LHB Jason Bell
|
0-0: Ball 1-0: Fly out, F7 (Line Drive, 7D, EV 86.9 MPH)
|
| Bottom of the 6th over - 0 runs, 0 hits, 0 errors, 3 left on base; Bowie 3 - Birmingham 3 |
| TOP OF THE 7TH |
|
Bowie Baysox batting - Pitching for Birmingham Barons : LHP Matt Schwartz
|
|
Now at 2B: Veit Geisler
|
|
|
Now at SS: Trevor Conklin
|
|
|
Batting: RHB Wil Ochoa
|
0-0: Ball 1-0: Fly out, F8 (Flyball, 8LM, EV 86.9 MPH)
|
|
Pinch Hitting: RHB Ismael Macedo
|
0-0: Ball 1-0: Swinging Strike 1-1: Ball 2-1: Foul Ball, location: 2F 2-2: Ball 3-2: Base on Balls
|
|
Batting: RHB Simon Van Steenwyk
|
0-0: Grounds into double play, 4-6-3 (Groundball, 4, EV 78.1 MPH)
|
| Top of the 7th over - 0 runs, 0 hits, 0 errors, 0 left on base; Bowie 3 - Birmingham 3 |
| BOTTOM OF THE 7TH |
|
Birmingham Barons batting - Pitching for Bowie Baysox : RHP Andy Rondeau
|
|
Now in RF: Daniel Jackson
|
|
|
Batting: SHB Veit Geisler
|
0-0: Called Strike 0-1: Ball 1-1: Ball 2-1: Ball 3-1: Foul Ball, location: 2F 3-2: Base on Balls
|
|
Batting: SHB Ruben Velasco Jr.
|
0-0: Ball 1-0: Foul Ball, location: 2F 1-1: Ball 2-1: Foul Ball, location: 2F 2-2: SINGLE (Line Drive, 7LS, EV 101.2 MPH) Veit Geisler to second
|
|
Batting: LHB Carlos Ramirez
|
0-0: Ball 1-0: Foul Ball, location: 2F 1-1: Ball 2-1: SINGLE (Groundball, 34D, EV 103.1 MPH) Veit Geisler to third Ruben Velasco Jr. to second Runner from 3rd tries for Home, SAFE, throw by RF to home Ruben Velasco Jr. to third Carlos Ramirez to second
|
|
Batting: RHB Vic Lucatero
|
0-0: SINGLE (Line Drive, 9S, EV 110.0 MPH) Ruben Velasco Jr. scores Carlos Ramirez to third
|
|
Batting: LHB Dalton Silveira
|
0-0: Ball 1-0: Ball 2-0: Called Strike 2-1: Ball 3-1: Foul Ball, location: 2F 3-2: SINGLE (Groundball, 56, EV 94.4 MPH) Carlos Ramirez scores Vic Lucatero to second
|
|
Batting: SHB Matt Childers
|
0-0: Swinging Strike 0-1: Ball 1-1: DOUBLE (Line Drive, 9LD, EV 112.5 MPH) Vic Lucatero scores Dalton Silveira to third
|
|
Batting: LHB Matt Hyde
|
0-0: Intentional Walk
|
|
Pitching: RHP Jason Turley
|
|
|
Batting: RHB Jose Medina
|
0-0: Called Strike 0-1: Ball 1-1: Foul Ball, location: 2F 1-2: Foul Ball, location: 2F 1-2: Strikes out swinging
|
|
Batting: RHB Trevor Conklin
|
0-0: Called Strike 0-1: Ball 1-1: Grounds into double play, 4-2-3 (Groundball, 4S, EV 88.1 MPH)
|
| Bottom of the 7th over - 4 runs, 5 hits, 0 errors, 2 left on base; Bowie 3 - Birmingham 7 |
| TOP OF THE 8TH |
|
Bowie Baysox batting - Pitching for Birmingham Barons : LHP Matt Schwartz
|
|
Batting: RHB Joe Young
|
0-0: Foul Ball, location: 2F 0-1: Ground out 6-3 (Groundball, 6, EV 100.0 MPH)
|
|
Batting: RHB Jonathan Mendoza
|
0-0: Ball 1-0: Ball 2-0: Ball 3-0: Called Strike 3-1: Fly out, F3 (Popup, 34, EV 80.0 MPH)
|
|
Batting: RHB Alfredo Reguera
|
0-0: Called Strike 0-1: Called Strike 0-2: Fly out, F8 (Flyball, 8RD, EV 105.6 MPH)
|
| Top of the 8th over - 0 runs, 0 hits, 0 errors, 0 left on base; Bowie 3 - Birmingham 7 |
| BOTTOM OF THE 8TH |
|
Birmingham Barons batting - Pitching for Bowie Baysox : RHP Jason Turley
|
|
Batting: SHB Veit Geisler
|
0-0: Foul Ball, location: 2F 0-1: Ball 1-1: Ball 2-1: Ball 3-1: Ground out 4-3 (Groundball, 4, EV 84.4 MPH)
|
|
Batting: SHB Ruben Velasco Jr.
|
0-0: Ball 1-0: Ball 2-0: Swinging Strike 2-1: Ground out 6-3 (Groundball, 4MS, EV 81.2 MPH)
|
|
Batting: LHB Carlos Ramirez
|
0-0: Ball 1-0: Fly out, F7 (Line Drive, 7S, EV 92.5 MPH)
|
| Bottom of the 8th over - 0 runs, 0 hits, 0 errors, 0 left on base; Bowie 3 - Birmingham 7 |
| TOP OF THE 9TH |
|
Bowie Baysox batting - Pitching for Birmingham Barons : LHP Matt Schwartz
|
|
Pitching: RHP Tristan Chapple
|
|
|
Batting: RHB Mike Pitts
|
0-0: Ball 1-0: Called Strike 1-1: Ball 2-1: Swinging Strike 2-2: Foul Ball, location: 2F 2-2: Ball 3-2: SINGLE (Line Drive, 3D, EV 96.2 MPH)
|
|
Batting: SHB Chris Wright
|
0-0: Ball 1-0: Called Strike 1-1: Called Strike 1-2: Strikes out swinging
|
|
Batting: RHB Ethan Finke
|
0-0: Foul Ball, location: 2F 0-1: Swinging Strike 0-2: Strikes out swinging
|
|
Batting: RHB Wil Ochoa
|
0-0: Ball Wild Pitch! Mike Pitts to second 1-0: SINGLE (Groundball, 34D, EV 95.0 MPH) Mike Pitts to third
|
|
Pitching: LHP Amari Miller
|
|
|
Batting: RHB Daniel Jackson
|
0-0: Foul Ball, location: 2F 0-1: SINGLE (Line Drive, 78S, EV 95.0 MPH) Mike Pitts scores Wil Ochoa to second
|
|
Batting: RHB Simon Van Steenwyk
|
0-0: Called Strike 0-1: Swinging Strike 0-2: Foul Ball, location: 2F 0-2: Strikes out looking
|
| Top of the 9th over - 1 run, 3 hits, 0 errors, 2 left on base; Bowie 4 - Birmingham 7 |
|